 Dungeon Sprint DCSS version 0.17-a0-2147-gfb20a63 (webtiles) character file.

10352 esc the Martial Artist (level 11, -5/95 HPs)
             Began as a Demonspawn Gladiator on Oct 24, 2015.
             Was the Champion of Okawaru.
             Killed by divine providence
             ... invoked by a smoke demon
             ... summoned by an orc high priest
              (16 damage)
             ... in the Dungeon (Sprint IX: "|||||||||||||||||||||||||||||").
             The game lasted 00:09:40 (1388 turns).

esc the Martial Artist (Demonspawn Gladiator)       Turns: 1388, Time: 00:09:41

Health: -5/95      AC: 20    Str: 16      XL:     11   Next: 35%
Magic:  18/18      EV: 17    Int:  6 (9)  God:    Okawaru [******]
Gold:   1271       SH:  0    Dex: 20      Spells: 0 memorised, 10 levels left

rFire  . . .     SeeInvis .       - Unarmed
rCold  . . .     Clarity  .     s - +0 plate armour
rNeg   . . .     SustAt   .     (no shield)
rPois  .         Gourm    .     I - +0 hat {MR+}
rElec  .         Spirit   .     r - +0 cloak
rCorr  .         Warding  .     (no gloves)
rMut   .         NoTele   +     F - +0 pair of boots
MR     +....                    (no amulet)
Stlth  ..........               t - +2 ring of evasion
                                u - +3 ring of dexterity

@: liquid flames, heroism, very slightly contaminated, hasted, glowing, very
quick, somewhat resistant to hostile enchantments, extremely unstealthy
A: claws 1, horns 2, spiny 3
a: Heroism, Finesse, Renounce Religion


You were in the Dungeon.
You worshipped Okawaru.
Okawaru was exalted by your worship.
You were not hungry.

You visited 1 branch You collected 1271 gold pieces.

Inventory:

Hand Weapons
 a - a +0 trident
 q - a +2 halberd of protection
   (You found it in the Dungeon)
 v - a +0 mace
   (You took it off an orc in the Dungeon)
 w - a +0 club
   (You took it off an orc in the Dungeon)
 H - the +7 battleaxe of Fobol {antimagic, rN+, unknown}
   (Okawaru gifted it to you in the Dungeon)

   It disrupts the flow of magical energy around spellcasters and certain
   magical creatures (including the wielder).
   It protects you from negative energy.
Missiles
 d - 3 throwing nets {=f, !d}
 C - 2 needles of sleeping
Armour
 b - a +0 leather armour
 c - a +0 helmet
 r - a +0 cloak (worn)
   (You found it in the Dungeon)
 s - a +0 plate armour (worn)
   (You found it in the Dungeon)
 F - a +0 pair of boots (worn)
   (You found it in the Dungeon)
 G - a +0 pair of gloves
   (You found it in the Dungeon)
 I - a +0 hat of magic resistance (worn)
   (You took it off Gastronok in the Dungeon)
Magical Staves
 o - an uncursed staff of energy {@w1+MP, hungerless spells, !d!a}
   (You found it in the Dungeon)
Jewellery
 t - a +2 ring of evasion (right claw)
   (You found it in the Dungeon)
 u - a +3 ring of dexterity (left claw)
   (You found it in the Dungeon)
Wands
 p - a wand of fire (0)
   (You found it in the Dungeon)
Scrolls
 k - 3 scrolls of blinking {!r}
 m - 3 scrolls of remove curse
 n - 3 scrolls of amnesia
 x - a scroll of fog
 y - a scroll of recharging
 z - 2 scrolls of enchant armour
 A - a scroll of fear
Potions
 f - 8 potions of curing
 i - 4 potions of magic
 j - a potion of invisibility
 l - 3 potions of cure mutation {!q}
Comestibles
 e - 14 bread rations {@e1}
 B - 11 chunks of flesh {@w0}
 D - 40 fruits
 E - 12 meat rations {@e2}


   Skills:
 + Level 12.1(17.1) Fighting
 - Level 3.2(8.2) Polearms
 - Level 1.7(6.7) Throwing
 + Level 11.1(16.1) Armour
 + Level 11.5(16.5) Dodging
 + Level 14.0(19.0) Unarmed Combat
 - Level 10.2 Invocations
 + Level 8.2 Evocations


You had 10 spell levels left.
You didn't know any spells.

Dungeon Overview and Level Annotations

Branches:
Dungeon (1/1)

Altars:
Cheibriados
Dithmenos
Elyvilon
Fedhas
Gozag
Kikubaaqudgha
Makhleb
Nemelex Xobeh
Okawaru
Qazlal
Ru
Sif Muna
Trog
Vehumet
Xom
Yredelemnul
Zin
The Shining One
Beogh
Jiyva
Lugonu

Shops:
D **(

Annotations:
D 1 exclusion


Innate Abilities, Weirdness & Mutations

You have sharp fingernails.
You have a pair of horns on your head.
You are completely covered in sharp spines.


Message History

You gain the combat prowess of a mighty hero.
You feel slightly more hungry.
The orc high priest prays to Beogh.
The orc high priest prays.
The orc priest mumbles some strange prayers to Beogh against you.
Something smites you!
* * * LOW HITPOINT WARNING * * *
You take 9 damage, and have 20/95 hp.
You now have 16/18 mp.
You mangle the orc high priest!!
You kill the orc high priest!
Okawaru is honoured by your kill.
Your base Fighting skill increases to level 12!
Your base Armour skill increases to level 11!
The hellwing disappears in a puff of smoke!
The ice devil disappears in a puff of smoke!
Things that are here:
a flail; 50 gold pieces; an orc corpse You scratch the orc high priest.
You headbutt the orc high priest.
The orc high priest intones a terrible prayer.
The orc high priest is struck by your spines.
The orc high priest closely misses you.
You scratch the orc high priest.
The orc high priest utters an invocation to Beogh.
The orc high priest hits you but does no damage.
An orc priest comes into view.
You eviscerate the orc high priest!!!
You kill the orc high priest!
Okawaru is honoured by your kill.
Your base Unarmed Combat skill increases to level 14!
Your Evocations skill increases to level 8!
Your plate armour prevents you from hitting the orc priest.
You headbutt the orc priest. You claw the orc priest!
The orc priest casts a cantrip, but nothing happens.
Some of the chunks of flesh in your inventory have rotted away.
Your plate armour prevents you from hitting the orc priest.
The orc priest looks braver for a moment.
The orc high priest mumbles some strange prayers to Beogh.
You mangle the orc priest!!
You kill the orc priest!
Okawaru accepts your kill.
The sixfirhy disappears in a puff of smoke!
Aim: a smoke demon (summoned)
The bolt of fire hits the smoke demon.
The smoke demon resists.
The bolt of fire hits the orc high priest.
The bolt of fire hits the ynoxinul.
This wand has 0 charges left.
The neqoxec gestures at you.
You feel dopey. Something feeds on your intellect!
This wand has no charges.
Here: a smoke demon (lightly wounded, summoned)
A war axe.
There is something else lying underneath.
The floor, spattered with blood.
Drink which item? (? for menu, Esc to quit)
You feel much better. The smoke demon gestures at you. Something smites you!
The ynoxinul gestures.
You regained 17 hp, and now have 39/95 hp.
You barely miss the smoke demon. The smoke demon gestures at you.
The ball of steam misses you.
You mangle the smoke demon!!
You are engulfed in a cloud of scalding steam.
The smoke demon gestures at you. The ball of steam hits you!
* * * LOW HITPOINT WARNING * * *
You take 20 damage, and have 19/95 hp.
MASSIVE DAMAGE!!
Drink which item? (? for menu, Esc to quit)
You feel yourself speed up.
You are engulfed in a cloud of scalding steam.
The smoke demon gestures at you. The sticky flame hits you!
You are covered in liquid flames!
You are very lightly contaminated with residual magic.
You are covered in liquid flames!
* * * LOW HITPOINT WARNING * * *
Items here: $ ) [ † a flail; a leather armour; 50 gold pieces; an orc corpse You take 2 damage, and have 17/95 hp.
You are engulfed in a cloud of scalding steam.
You are covered in liquid flames!
* * * LOW HITPOINT WARNING * * *
Things that are here:
a dire flail; 50 gold pieces You take 2 damage, and have 15/95 hp.
MP restored: 18 You are covered in liquid flames!
* * * LOW HITPOINT WARNING * * *
Things that are here:
a glowing animal skin {god gift}; 50 gold pieces You take 3 damage, and have 12/95 hp.
Really walk into that cloud of steam?
Okay, then.
You are covered in liquid flames!
* * * LOW HITPOINT WARNING * * *
The smoke demon gestures at you. Something smites you!
You die...

▓▓▓▓▓▓▓▓▓▓▓▓▓▓▓▓▓▓▓▓▓▓▓▓▓▓▓
..)))))).))....§@§)3o33∩5o.
▓▓▓▓▓▓▓▓▓▓▓▓▓▓▓▓▓▓▓▓▓▓▓▓▓▓▓▓▓▓▓▓▓
.................................
▓▓▓▓▓▓▓▓▓▓▓▓▓▓▓▓▓▓▓▓▓▓▓▓▓▓▓▓▓▓▓▓▓
......÷.........%........[)..'..[
▓▓▓▓▓▓▓▓▓▓▓▓▓▓▓▓▓▓▓▓▓▓▓▓▓▓▓▓▓▓▓▓▓
.................................
▓▓▓▓▓▓▓▓▓▓▓▓▓▓▓▓▓▓▓▓▓▓▓▓▓▓▓▓▓▓▓▓▓
______________'...)[...([(.....).


You could see a smoke demon.

Vanquished Creatures
  Gastronok (D)
  4 orc high priests (D)
  A hill giant (D)
  2 orc knights (D)
  A black mamba (D)
  4 komodo dragons (D)
  A spiny frog (D)
  A wyvern (D)
  4 yaks (D)
  3 wolves (D)
  2 wargs (D)
  2 porcupines (D)
  A water moccasin (D)
  3 hell hounds (D)
  7 orc warriors (D)
  A phantom (D)
  4 crocodiles (D)
  A giant frog (D)
  A crimson imp (D)
  10 orc priests (D)
  3 orc wizards (D)
  A jelly (D)
  An iguana (D)
  2 worker ants (D)
  2 adders (D)
  A shadow imp (D)
  An ooze (D)
  An adder zombie (D)
  9 orcs (D)
  2 hobgoblins (D)
  2 kobolds (D)
  A ball python (D)
  A giant gecko skeleton (D)
  A quokka skeleton (D)
82 creatures vanquished.

Notes
Turn   | Place    | Note
--------------------------------------------------------------
     0 | D        | esc the Demonspawn Gladiator began the quest for the Orb.
     0 | D        | Reached XP level 1. HP: 16/16 MP: 1/1
     9 | D        | Reached skill level 3 in Polearms
     9 | D        | Reached skill level 1 in Armour
     9 | D        | Reached skill level 3 in Dodging
    17 | D        | Gained mutation: You have a pair of small horns on your head. [demonic ancestry]
    17 | D        | Reached XP level 2. HP: 18/23 MP: 2/2
    30 | D        | Noticed a worker ant
    30 | D        | Noticed a worker ant
    35 | D        | Killed a worker ant
    35 | D        | Reached skill level 3 in Fighting
    35 | D        | Reached skill level 2 in Armour
    35 | D        | Reached skill level 4 in Dodging
    35 | D        | Gained mutation: You are partially covered in sharp spines. [demonic ancestry]
    35 | D        | Reached XP level 3. HP: 18/30 MP: 3/3
    36 | D        | Reached skill level 4 in Fighting
    39 | D        | Killed a worker ant
    39 | D        | Reached skill level 3 in Armour
    44 | D        | HP: 11/46 [poisoned by a worker ant]
    45 | D        | Gained mutation: You are mostly covered in sharp spines. [demonic ancestry]
    45 | D        | Reached XP level 4. HP: 13/38 MP: 4/4
    50 | D        | HP: 6/38 [poisoned by a worker ant]
    55 | D        | HP: 4/38 [poisoned by a worker ant]
    56 | D        | Found a glowing silver altar of Zin.
    56 | D        | Found a glowing golden altar of the Shining One.
    56 | D        | Found an ancient bone altar of Kikubaaqudgha.
    56 | D        | Found a basalt altar of Yredelemnul.
    56 | D        | Found a shimmering altar of Xom.
    56 | D        | Found a radiant altar of Vehumet.
    57 | D        | Found an iron altar of Okawaru.
    58 | D        | Found a burning altar of Makhleb.
    59 | D        | Found a deep blue altar of Sif Muna.
    60 | D        | Found a bloodstained altar of Trog.
    60 | D        | HP: 3/38 [poisoned by a worker ant]
    61 | D        | Found a sparkling altar of Nemelex Xobeh.
    62 | D        | Found a white marble altar of Elyvilon.
    63 | D        | Found a roughly hewn altar of Beogh.
    64 | D        | Found a viscous altar of Jiyva.
    65 | D        | Became a worshipper of Warmaster Okawaru
    66 | D        | Found a corrupted altar of Lugonu.
    67 | D        | Found a blossoming altar of Fedhas.
    68 | D        | Found a snail-covered altar of Cheibriados.
    69 | D        | Found a shadowy altar of Dithmenos.
    70 | D        | Found a stormy altar of Qazlal.
    71 | D        | Found an opulent altar of Gozag.
    72 | D        | Found a sacrificial altar of Ru.
   357 | D        | Noticed a phantom
   357 | D        | Noticed a crimson imp
   363 | D        | Reached skill level 4 in Armour
   363 | D        | Reached skill level 1 in Invocations
   364 | D        | Killed a crimson imp
   364 | D        | Reached skill level 5 in Fighting
   364 | D        | Reached skill level 5 in Dodging
   364 | D        | Reached skill level 2 in Invocations
   370 | D        | Reached skill level 3 in Invocations
   374 | D        | Killed a phantom
   374 | D        | Reached * piety under Okawaru
   374 | D        | Reached skill level 6 in Fighting
   374 | D        | Reached skill level 5 in Armour
   374 | D        | Reached skill level 6 in Dodging
   374 | D        | Reached skill level 4 in Invocations
   374 | D        | Reached XP level 5. HP: 44/47 MP: 5/8
   401 | D        | Noticed a jelly
   401 | D        | Noticed a yak
   401 | D        | Noticed a hill giant
   401 | D        | Noticed a komodo dragon
   402 | D        | Killed a jelly
   402 | D        | Reached skill level 5 in Invocations
   405 | D        | Killed a yak
   405 | D        | Reached skill level 7 in Fighting
   405 | D        | Reached skill level 6 in Armour
   405 | D        | Reached skill level 7 in Dodging
   405 | D        | Reached skill level 7 in Invocations
   405 | D        | Reached XP level 6. HP: 44/55 MP: 6/11
   409 | D        | Killed a hill giant
   409 | D        | Reached ** piety under Okawaru
   409 | D        | Reached *** piety under Okawaru
   409 | D        | Reached skill level 9 in Fighting
   409 | D        | Reached skill level 7 in Armour
   409 | D        | Reached skill level 8 in Dodging
   409 | D        | Reached skill level 9 in Invocations
   409 | D        | Gained mutation: You have sharp fingernails. [demonic ancestry]
   409 | D        | Reached XP level 7. HP: 49/64 MP: 7/14
   412 | D        | HP: 12/64 [komodo dragon (21)]
   413 | D        | Killed a komodo dragon
   413 | D        | Reached skill level 8 in Armour
   413 | D        | Reached skill level 10 in Invocations
   413 | D        | Reached XP level 8. HP: 13/71 MP: 7/15
   717 | D        | Noticed a porcupine
   717 | D        | Noticed a komodo dragon
   717 | D        | Noticed an iguana
   717 | D        | Noticed a yak
   717 | D        | Noticed a black mamba
   717 | D        | Noticed a porcupine
   719 | D        | Killed a porcupine
   719 | D        | Reached skill level 2 in Unarmed Combat
   721 | D        | Noticed a crocodile
   722 | D        | Killed a komodo dragon
   722 | D        | Reached **** piety under Okawaru
   722 | D        | Reached skill level 5 in Unarmed Combat
   723 | D        | Noticed a giant frog
   723 | D        | Killed an iguana
   725 | D        | Noticed a spiny frog
   725 | D        | Killed a yak
   725 | D        | Reached skill level 7 in Unarmed Combat
   726 | D        | Killed a black mamba
   726 | D        | Reached skill level 8 in Unarmed Combat
   729 | D        | Killed a porcupine
   729 | D        | Reached skill level 9 in Unarmed Combat
   729 | D        | Gained mutation: You have a pair of horns on your head. [demonic ancestry]
   729 | D        | Reached XP level 9. HP: 67/77 MP: 16/16
   731 | D        | Killed a crocodile
   736 | D        | Killed a spiny frog
   736 | D        | Reached ***** piety under Okawaru
   736 | D        | Reached skill level 10 in Unarmed Combat
   738 | D        | Killed a giant frog
   776 | D        | Noticed a komodo dragon
   776 | D        | Noticed a crocodile
   776 | D        | Noticed a komodo dragon
   776 | D        | Noticed a wyvern
   776 | D        | Noticed a yak
   776 | D        | Noticed a crocodile
   779 | D        | Killed a komodo dragon
   779 | D        | Reached skill level 11 in Unarmed Combat
   781 | D        | Noticed a crocodile
   782 | D        | Killed a crocodile
   785 | D        | Noticed a yak
   786 | D        | Killed a komodo dragon
   786 | D        | Reached skill level 12 in Unarmed Combat
   790 | D        | Killed a wyvern
   790 | D        | Reached skill level 9 in Dodging
   790 | D        | Reached skill level 1 in Evocations
   792 | D        | Noticed a water moccasin
   792 | D        | Killed a yak
   794 | D        | Killed a crocodile
   795 | D        | Killed a crocodile
   795 | D        | Reached skill level 2 in Evocations
   800 | D        | Killed a yak
   800 | D        | Received a gift from Okawaru
   803 | D        | Killed a water moccasin
   893 | D        | Noticed a hell hound
   893 | D        | Noticed a warg
   893 | D        | Noticed a wolf
   893 | D        | Noticed a hell hound
   893 | D        | Noticed a warg
   896 | D        | Killed a hell hound
   898 | D        | Killed a warg
   898 | D        | Reached skill level 3 in Evocations
   902 | D        | Killed a hell hound
   902 | D        | Reached skill level 10 in Fighting
   902 | D        | Reached XP level 10. HP: 65/85 MP: 9/17
   906 | D        | Killed a warg
   906 | D        | Reached skill level 9 in Armour
   907 | D        | Noticed a wolf
   908 | D        | Killed a wolf
   909 | D        | Noticed a hell hound
   910 | D        | Noticed a wolf
   911 | D        | Killed a wolf
   916 | D        | Killed a hell hound
   916 | D        | Reached skill level 4 in Evocations
   919 | D        | Killed a wolf
  1023 | D        | Noticed Gastronok
  1037 | D        | Killed Gastronok
  1037 | D        | Received a gift from Okawaru
  1037 | D        | Reached skill level 11 in Fighting
  1037 | D        | Reached skill level 10 in Dodging
  1037 | D        | Reached skill level 13 in Unarmed Combat
  1037 | D        | Reached skill level 5 in Evocations
  1038 | D        | Got a warped battleaxe {god gift}
  1073 | D        | Noticed an orc priest
  1073 | D        | Noticed an orc priest
  1073 | D        | Noticed an orc priest
  1078 | D        | Noticed an orc wizard
  1078 | D        | Killed an orc priest
  1080 | D        | Noticed an orc wizard
  1082 | D        | Killed an orc priest
  1083 | D        | Noticed an orc priest
  1086 | D        | Killed an orc priest
  1087 | D        | Noticed an orc wizard
  1088 | D        | Noticed an orc priest
  1088 | D        | Killed an orc wizard
  1091 | D        | Killed an orc wizard
  1091 | D        | Reached skill level 10 in Armour
  1094 | D        | Killed an orc priest
  1095 | D        | Killed an orc wizard
  1096 | D        | Killed an orc priest
  1248 | D        | Noticed an orc knight
  1248 | D        | Noticed an orc knight
  1248 | D        | Noticed an orc priest
  1248 | D        | Noticed an orc warrior
  1248 | D        | Noticed an orc warrior
  1250 | D        | Noticed an orc warrior
  1255 | D        | Killed an orc knight
  1255 | D        | Reached skill level 6 in Evocations
  1256 | D        | Noticed an orc warrior
  1262 | D        | Noticed an orc warrior
  1264 | D        | Killed an orc knight
  1268 | D        | Killed an orc warrior
  1271 | D        | Killed an orc warrior
  1274 | D        | Killed an orc warrior
  1280 | D        | Killed an orc warrior
  1286 | D        | Killed an orc warrior
  1287 | D        | Killed an orc priest
  1288 | D        | Noticed an orc warrior
  1289 | D        | Noticed an orc warrior
  1295 | D        | Killed an orc warrior
  1295 | D        | Gained mutation: You are completely covered in sharp spines. [demonic ancestry]
  1295 | D        | Reached XP level 11. HP: 65/93 MP: 13/18
  1297 | D        | Killed an orc warrior
  1340 | D        | Found Oqet's Assorted Antiques.
  1340 | D        | Noticed an orc priest
  1340 | D        | Noticed an orc high priest
  1340 | D        | Noticed an orc high priest
  1340 | D        | Noticed an orc high priest
  1340 | D        | Noticed an orc priest
  1345 | D        | Killed an orc priest
  1345 | D        | Reached skill level 7 in Evocations
  1346 | D        | Noticed an orc priest
  1347 | D        | Found Xonaceg Utuq's General Store.
  1347 | D        | Noticed an orc high priest
  1353 | D        | Killed an orc high priest
  1353 | D        | Received a gift from Okawaru
  1353 | D        | Reached ****** piety under Okawaru
  1353 | D        | Reached skill level 11 in Dodging
  1354 | D        | Noticed an orc priest
  1360 | D        | HP: 12/95 [orc high priest/divine providence (15)]
  1364 | D        | Killed an orc high priest
  1365 | D        | Found Ileicuhy's Weapon Emporium.
  1365 | D        | Noticed an orc high priest
  1367 | D        | Killed an orc priest
  1367 | D        | Killed an orc priest
  1367 | D        | HP: 19/95 [orc high priest/flail (2)]
  1368 | D        | HP: 5/95 [orc high priest/divine providence (14)]
  1372 | D        | Noticed an ice devil
  1372 | D        | Killed an orc high priest
  1372 | D        | Reached skill level 12 in Fighting
  1372 | D        | Reached skill level 11 in Armour
  1376 | D        | Noticed an orc priest
  1376 | D        | Killed an orc high priest
  1376 | D        | Reached skill level 14 in Unarmed Combat
  1376 | D        | Reached skill level 8 in Evocations
  1379 | D        | Killed an orc priest
  1383 | D        | HP: 19/95 [smoke demon/ball of steam[an orc high priest] (17)]
  1388 | D        | HP: 11/95 [burnt (1)]
  1388 | D        | Killed from afar by a smoke demon

Vault maps used:
D:        linesprint

Action                   |  1- 3 |  4- 6 |  7- 9 | 10-12 || total
-------------------------+-------+-------+-------+-------++-------
Melee: Trident           |    29 |       |       |       ||    29
       Halberd           |       |    21 |    10 |       ||    31
       Unarmed           |       |       |    43 |   111 ||   154
Invok: Heroism           |       |     1 |     2 |     3 ||     6
       Finesse           |       |       |     1 |     1 ||     2
Evoke: Wand              |       |     1 |     3 |     3 ||     7
  Use: Potion            |     1 |       |       |     4 ||     5
  Eat: Chunk             |       |       |     1 |     2 ||     3

Vault maps used:
D:        linesprint

Table legend:
 A = Turns spent in this place as a percentage of turns spent in the entire game.
 B = Non-inter-level travel turns spent in this place as a percentage of non-inter-level travel turns spent in the entire game.
 C = Inter-level travel turns spent in this place as a percentage of turns spent in this place.
 D = Turns resting spent in this place as a percentage of non-inter-level travel turns spent in this place.
 E = Turns spent auto-exploring this place as a percentage of non-inter-level travel turns spent in this place.
 F = Non-inter-level travel turns spent in this place divided by the number of levels of this place that you've seen.
                   A       B       C       D       E      F
               +-------+-------+-------+-------+-------+----------------------
         Total | 100.0 | 100.0 |   0.0 |   2.2 |   0.3 | 726.0
       Dungeon | 100.0 | 100.0 |   0.0 |   2.2 |   0.3 | 726.0
               +-------+-------+-------+-------+-------+----------------------

Table legend:
 A = Kills in this place as a percentage of kills in entire the game.
 B = Kills by you in this place as a percentage of kills by you in the entire game.
 C = Kills by friends in this place as a percentage of kills by friends in the entire game.
 D = Other kills in this place as a percentage of other kills in the entire game.
 E = Experience gained in this place as a percentage of experience gained in the entire game.
 F = Experience gained in this place divided by the number of levels of this place that you have seen.
                   A       B       C       D       E      F
               +-------+-------+-------+-------+-------+----------------------
         Total | 100.0 | 100.0 |  -nan |  -nan | 100.0 | 14789.0
       Dungeon | 100.0 | 100.0 |  -nan |  -nan | 100.0 | 14789.0
               +-------+-------+-------+-------+-------+----------------------
